[Event "Late-Titled-Tuesday-Blitz-November-28-2023"]
[Site "Chess.com"]
[Date "2023.11.28"]
[Round "11"]
[White "DraningWaterHi"]
[Black "Chessbard1972"]
[Result "0-1"]
[WhiteElo "2191"]
[BlackElo "2402"]
[TimeControl "180+1"]
[EndTime "16:01:52 PST"]
[Termination "Chessbard1972 won by checkmate"]

1. d4 Nf6 2. c4 g6 3. g3 Bg7 4. Bg2 d5 5. cxd5 Nxd5 6. e4 Nb6 7. Ne2 O-O 8. O-O Nc6 9. d5 Na5 10. Nbc3 c6 11. dxc6 bxc6 12. b3 Ba6 13. Bd2 Nb7 14. Rc1 Nc5 15. Be3 Nd3 16. Rc2 c5 17. Nd5 Nxd5 18.
exd5 Rc8 19. Be4 Ne5 20. Bxc5 Qd7 21. f4 Ng4 22. h3 Rxc5 23. Rxc5 Ne3 24. Qd2 Nxf1 25.
Kxf1 Qxh3+ 26. Bg2 Qf5 27. a4 Qb1+ 28. Kf2 Qxb3 29. Rc6 Qxa4 30. Nc3 Qa1 31. Ne4 Rb8 32. Rc2 Bd4+ 33. Kf3 h5 34. Nc5 Qa3+ 35. Ke4 Bxc5 36.
Rc3 Qb4+ 37. Kf3 Bd4 38. Rc2 Qb3+ 39. Ke4 Bb6 40. Rc3 Qb1+ 41. Kf3 Ba5 42. Rc8+ Bxc8 43. Qxa5 Bg4+ 44. Kf2 Rb2+ 45. Ke3 Qc1+ 46. Kd4 Rd2+ 47.
Ke5 Qb2+ 48. Ke4 Qd4# 0-1

[Event "Late-Titled-Tuesday-Blitz-November-28-2023"]
[Site "Chess.com"]
[Date "2023.11.28"]
[Round "11"]
[White "MathiasWomacka"]
[Black "Schwindle"]
[Result "1/2-1/2"]
[WhiteElo "2521"]
[BlackElo "2393"]
[TimeControl "180+1"]
[EndTime "16:01:53 PST"]
[Termination "Game drawn by repetition"]

1. e4 e6 2. d4 d5 3. Nd2 Nf6 4. e5 Nfd7 5. Bd3 c5 6. c3 Nc6 7. Ne2 cxd4 8. cxd4 f6 9. exf6 Nxf6 10. Nf3 Bd6 11. O-O Qc7 12. Nc3 a6 13. Bd2 O-O 14.
Rc1 Bd7 15. Re1 Qb6 16. Na4 Qc7 17. Nc5 Bxc5 18. Rxc5 Qd6 19. Rc1 Be8 20. Ng5 e5 21. dxe5 Nxe5 22. Bf4 Nfd7 23. Bxh7+ Kh8 24. Bg3 Qh6 25.
Bxe5 Qxg5 26. f4 Qh6 27. Bb1 Nxe5 28. fxe5 d4 29. Qxd4 Bc6 30. Be4 Rad8 31. Qe3 Qe6 32. Bxc6 bxc6 33. h3 Qxa2 34. e6 Rde8 35. Rxc6 Qxb2 36.
Rxa6 Rf6 37. Qe5 Qf2+ 38. Kh1 Rg6 39. Qh5+ Rh6 40. Qxe8+ Kh7 41. Qc6 Qxe1+ 42. Kh2 Qe5+ 43. Kg1 Qe1+ 44. Kh2 Qe5+ 45. Kh1 Qe1+ 46. Kh2 1/2-1/2

[Event "Late-Titled-Tuesday-Blitz-November-28-2023"]
[Site "Chess.com"]
[Date "2023.11.28"]
[Round "11"]
[White "NikolasTheiss"]
[Black "GMthekingindian"]
[Result "0-1"]
[WhiteElo "2478"]
[BlackElo "2361"]
[TimeControl "180+1"]
[EndTime "16:01:53 PST"]
[Termination "GMthekingindian won by resignation"]

1. e4 c5 2. Nc3 a6 3. a4 e6 4. f4 d5 5. d3 Nf6 6. Qe2 Be7 7. Nf3 Nc6 8. e5 Nd7 9. Nd1 O-O 10. c3 f6 11. exf6 Nxf6 12. g3 e5 13. fxe5 Bg4 14.
exf6 Rxf6 15. Bg2 Re6 16. Ne3 d4 17. Nxg4 Rxe2+ 18. Kxe2 dxc3 19. bxc3 c4 20. d4 h5 21. Nge5 Nxe5 22. Nxe5 Bf6 23. Bf4 g5 24. Bxg5 Bxg5 25. Rab1 Bf6 26. Nxc4 Qe7+ 27. Kd3 Re8 28. Rhe1 Qf7 29.
Rxe8+ Qxe8 30. Rxb7 Qxa4 31. Bd5+ Kh8 32. Nd6 Qd1+ 33.
Ke4 Qh1+ 34. Kf5 Qxd5+ 35. Kxf6 Qxd6+ 36. Kf7 Qd5+ 37. Ke8 Qxb7 0-1

[Event "Late-Titled-Tuesday-Blitz-November-28-2023"]
[Site "Chess.com"]
[Date "2023.11.28"]
[Round "11"]
[White "GothamChess"]
[Black "WPWPWP-2015"]
[Result "1-0"]
[WhiteElo "2664"]
[BlackElo "2541"]
[TimeControl "180+1"]
[EndTime "16:02:04 PST"]
[Termination "GothamChess won by resignation"]

1. e4 e5 2. Nc3 Nf6 3. f4 d5 4. fxe5 Nxe4 5. Qf3 Nxc3 6. bxc3 Be6 7. Rb1 Qc8 8. d4 c5 9. Bb5+ Nc6 10. Ne2 Be7 11. Be3 c4 12. Nf4 Qd7 13. O-O O-O-O 14. Nxe6 fxe6 15.
Qg4 Ba3 16. Bc1 Bxc1 17. Rbxc1 Rdf8 18. h4 Kc7 19. Bxc6 Kxc6 20. Rf4 Rf5 21. Rxf5 exf5 22. Qf4 g6 23. Re1 Qe6 24. Qc1 Qe7 25. g3 Re8 26. a4 b6 27. Qb2 a6 28. Rb1 Rb8 29. Qc1 Qg7 30. Qa3 Qf8 31. Qxf8 Rxf8 32. Kf2 h6 33. Kf3 Rb8 34. Kf4 Rf8 35. e6 b5 36.
axb5+ axb5 37. Ke5 g5 38. hxg5 hxg5 39. e7 Rh8 40.
Rh1 Re8 41. Ke6 f4 42. gxf4 gxf4 43. Rf1 b4 44. cxb4 Kb5 45. c3 Ka4 46. Kd7 Kb3 47.
Kxe8 1-0

[Event "Late-Titled-Tuesday-Blitz-November-28-2023"]
[Site "Chess.com"]
[Date "2023.11.28"]
[Round "11"]
[White "Alexei_Gubajdullin"]
[Black "venturov"]
[Result "1-0"]
[WhiteElo "2646"]
[BlackElo "2483"]
[TimeControl "180+1"]
[EndTime "16:02:04 PST"]
[Termination "Alexei_Gubajdullin won on time"]

1. d4 Nf6 2. Nf3 g6 3. Bf4 Bg7 4. e3 O-O 5. Be2 c5 6. O-O cxd4 7. exd4 d5 8. Nbd2 Ne4 9. c3 Nc6 10. Nxe4 dxe4 11. Ng5 Bf5 12. g4 Bd7 13. Nxe4 e5 14. dxe5 Nxe5 15. Bg5 Qb6 16. Qd6 Qxd6 17. Nxd6 Bc6 18.
Be7 Rfb8 19. f4 Nd7 20. f5 Ne5 21. g5 Bf8 22. f6 Bd5 23. c4 Be6 24. c5 Nc6 25. Bf3 Nxe7 26. fxe7 Bxe7 27. Nxb7 Rc8 28. b4 Rab8 29. h4 Rc7 30. a4 Rbxb7 31. Bxb7 Rxb7 32.
Rfc1 Rxb4 33. c6 Rxh4 34. c7 Bxg5 35. Rc6 Bc8 36. Rd1 Kg7 37. Rd8 Bf5 38. Kf2 Rxa4 39. Rd5 Ra2+ 40. Ke1 Bh3 41. Rxg5 1-0

[Event "Late-Titled-Tuesday-Blitz-November-28-2023"]
[Site "Chess.com"]
[Date "2023.11.28"]
[Round "11"]
[White "CraiggoryC"]
[Black "jcmesafischer"]
[Result "0-1"]
[WhiteElo "2174"]
[BlackElo "2371"]
[TimeControl "180+1"]
[EndTime "16:02:05 PST"]
[Termination "jcmesafischer won by resignation"]

1. e4 c5 2. Nf3 d6 3. d4 cxd4 4. Nxd4 Nf6 5. Nc3 a6 6. Be3 e5 7.
Nb3 Be7 8. f3 Be6 9. Qd2 h5 10.
Be2 Nbd7 11. Nd5 Nxd5 12. exd5 Bf5 13. O-O O-O 14. c4 Bg6 15. Na5 Qc7 16. b4 f5 17.
f4 Bf6 18. Rac1 Rae8 19. c5 dxc5 20. bxc5 exf4 21. Bxf4 Be5 22. d6 Qc8 23. Bf3 Bxf4 24. Qxf4 b6 25. cxb6 Qd8 26. Qc4+ Bf7 27. Qc7 Nxb6 28.
Nc6 Qxc7 29. dxc7 Kh7 30. Nd8 Rxd8 31. cxd8=Q Rxd8 32. Rfd1 Rxd1+ 33. Rxd1 Bxa2 34. Bxh5 g6 35. Bf3 a5 36. Rd6 Nc4 37. Rd7+ Kh6 38. Bd5 Nb6 39. Rd6 Nxd5 40. Rxd5 Bxd5 0-1

[Event "Late-Titled-Tuesday-Blitz-November-28-2023"]
[Site "Chess.com"]
[Date "2023.11.28"]
[Round "11"]
[White "PawnEatingZombie"]
[Black "Mikhal867"]
[Result "0-1"]
[WhiteElo "2195"]
[BlackElo "2393"]
[TimeControl "180+1"]
[EndTime "16:02:09 PST"]
[Termination "Mikhal867 won on time"]

1. e4 g6 2. d4 Bg7 3. c3 d6 4. Bd3 Nd7 5. Nf3 e5 6. O-O Ngf6 7. Re1 O-O 8. Nbd2 a6 9. a4 Re8 10. dxe5 dxe5 11. Qc2 Nc5 12. Bf1 Nh5 13. a5 Nf4 14.
h3 g5 15. Kh2 g4 16. hxg4 Bxg4 17. g3 Nfd3 18. Re3 Nxf2 19. Nc4 Bxf3 20. Rxf3 Nfxe4 21. Be3 Ng5 22. Rf5 Nce6 23. Rd1 Qe7 24.
Nxe5 Rad8 25. Ng4 h5 26. Nf2 h4 27. gxh4 Nh7 28. Rxd8 Qxh4+ 29. Nh3 Rxd8 30. Qf2 Qxf2+ 31. Nxf2 Nef8 32. Bg2 c6 33. Ne4 Ng6 34. Bb6 Rd7 35. Nc5 Re7 36. Rf2 Be5+ 37. Kg1 Ng5 38. Re2 Bd4+ 39.
Kf1 Rxe2 40. Kxe2 Bxc5 41. Bxc5 Nf4+ 42. Ke3 Nxg2+ 0-1

[Event "Late-Titled-Tuesday-Blitz-November-28-2023"]
[Site "Chess.com"]
[Date "2023.11.28"]
[Round "11"]
[White "maurovargas01"]
[Black "oogee"]
[Result "0-1"]
[WhiteElo "1843"]
[BlackElo "2287"]
[TimeControl "180+1"]
[EndTime "16:02:11 PST"]
[Termination "oogee won on time"]

1. e4 c5 2. Nc3 g6 3. f4 Bg7 4.
Nf3 Nc6 5. Bc4 e6 6. d3 Nge7 7. a4 O-O 8. O-O d5 9. Ba2 Nb4 10. Bb3 Nbc6 11. e5 Rb8 12. Nb5 Bd7 13. Nd6 Nc8 14. Nb5 Nb6 15. a5 Na8 16. Nd6 Nc7 17.
c3 d4 18. Qe1 Ne8 19. Ne4 Nxa5 20. Bc2 dxc3 21. bxc3 b6 22. Qg3 Nc6 23. Nfg5 h6 24. Nf3 Ne7 25. Qh3 f5 26. exf6 Nxf6 27. Ne5 Be8 28.
Bb3 Nfd5 29. Qxe6+ Kh7 30. Rxa7 Rf5 31. g4 Rf8 32. Nd6 Ra8 33. Rxa8 Qxa8 34. Nxe8 Qxe8 0-1

[Event "Late-Titled-Tuesday-Blitz-November-28-2023"]
[Site "Chess.com"]
[Date "2023.11.28"]
[Round "11"]
[White "PowerThinking2650"]
[Black "DanylaBagrov"]
[Result "0-1"]
[WhiteElo "2476"]
[BlackElo "2599"]
[TimeControl "180+1"]
[EndTime "16:02:13 PST"]
[Termination "DanylaBagrov won by resignation"]

1. e4 c5 2. Nf3 a6 3. c4 Nc6 4. Nc3 e5 5. g3 d6 6. h3 Nf6 7. Bg2 Rb8 8. d3 Be7 9. Bg5 b5 10. b3 b4 11. Bxf6 bxc3 12. Bxg7 Rg8 13. Bh6 Nd4 14.
Nxd4 cxd4 15. O-O Bg5 16. Bxg5 Qxg5 17. Kh2 h5 18. h4 Qg6 19. a3 Bg4 20. Qc2 a5 21.
Rab1 Kf8 22. b4 axb4 23. axb4 Kg7 24. b5 Qh6 25. f4 Kh8 26. fxe5 dxe5 27. Rxf7 Qe3 28.
Qf2 Qxf2 29. Rxf2 Rgf8 30. Rc2 Rfc8 31. Bh3 Rf8 32. Bxg4 hxg4 33. Kg2 Kg7 34. Rf1 Rxf1 35. Kxf1 Kf6 36. Ke2 Ke6 37. Ra2 Kd6 38. Ra6+ Kc5 39. Rc6+ Kb4 40. b6 Kb3 41. Kd1 Kb2 42. Rc5 c2+ 43. Ke2 c1=Q 44. Rb5+ Kc3 45. c5 Qe3+ 0-1

[Event "Late-Titled-Tuesday-Blitz-November-28-2023"]
[Site "Chess.com"]
[Date "2023.11.28"]
[Round "11"]
[White "FairChess_on_YouTube"]
[Black "Angry_Twin"]
[Result "1-0"]
[WhiteElo "3091"]
[BlackElo "2954"]
[TimeControl "180+1"]
[EndTime "16:02:15 PST"]
[Termination "FairChess_on_YouTube won by resignation"]

1. d4 Nf6 2. c4 e6 3. Nf3 d5 4.
Bg5 h6 5. Bxf6 Qxf6 6. Nbd2 g6 7. Qc2 c6 8. e4 Bg7 9. e5 Qe7 10. c5 b6 11. Nb3 O-O 12. Rc1 Bb7 13. Bd3 Nd7 14. O-O Rfc8 15. Qd2 bxc5 16. Nxc5 Nxc5 17. Rxc5 Bf8 18. Rfc1 Qd8 19. h4 a5 20. h5 Kg7 21.
hxg6 fxg6 22. Qf4 g5 23. Qg4 Qe7 24. R1c3 Kg8 25. Bc2 Qg7 26. Qxe6+ Qf7 27. Qh3 Bxc5 28. dxc5 Qg7 29. Nd4 g4 30. Qh2 Re8 31. Nf5 Qxe5 32. Qxh6 Re6 33. Qg5+ Kf8 34. Qxg4 Bc8 35. Rf3 Ke8 36.
Nd6+ Kd8 37. Nf7+ Kc7 38. Nxe5 Rxe5 39. Qg3 1-0

[Event "Late-Titled-Tuesday-Blitz-November-28-2023"]
[Site "Chess.com"]
[Date "2023.11.28"]
[Round "11"]
[White "zajka-molotok"]
[Black "grandemestregringo"]
[Result "1-0"]
[WhiteElo "2555"]
[BlackElo "2644"]
[TimeControl "180+1"]
[EndTime "16:02:21 PST"]
[Termination "zajka-molotok won on time"]

1. e4 e5 2. Nf3 Nc6 3. Nc3 Nf6 4. Bb5 Bb4 5. O-O O-O 6. Bxc6 dxc6 7. d3 Re8 8. Ne2 Nd7 9. Ng3 Nf8 10. Be3 f6 11. Nd2 Ne6 12. c3 Bf8 13. Qc2 c5 14. Rad1 b6 15. Nc4 Qd7 16. Ne2 a5 17. a4 Bb7 18.
f4 exf4 19. Nxf4 Nxf4 20. Bxf4 Bc6 21. b3 Rad8 22. Qf2 Qf7 23. Qg3 Rd7 24. Rd2 Red8 25. Rf3 Kh8 26. Rdf2 Qe7 27. h3 Re8 28. Bc1 Red8 29.
Kh2 Qe6 30. Bf4 Qe7 31. h4 Re8 32. Re3 Qd8 33. h5 Ree7 34. Ref3 Qe8 35. Qh3 Rf7 36.
h6 g5 37. Bc1 Bd6+ 38. Kg1 Qg8 39. Rxf6 Rxf6 40. Rxf6 Be7 41. Rxc6 g4 42. Qe3 g3 43.
Qf4 Bd8 44. Qe5+ Rg7 45. Qxg7+ 1-0

[Event "Late-Titled-Tuesday-Blitz-November-28-2023"]
[Site "Chess.com"]
[Date "2023.11.28"]
[Round "11"]
[White "SergioMoralesG"]
[Black "Redzishchess"]
[Result "1-0"]
[WhiteElo "2373"]
[BlackElo "2451"]
[TimeControl "180+1"]
[EndTime "16:02:22 PST"]
[Termination "SergioMoralesG won on time"]

1. d4 Nf6 2. c4 g6 3. Nc3 d5 4.
Nf3 Bg7 5. Bg5 dxc4 6. e3 O-O 7.
Bxc4 c5 8. d5 e6 9. dxe6 Bxe6 10. Bxe6 fxe6 11. Qxd8 Rxd8 12. Ke2 Nc6 13. Rhd1 h6 14. Bh4 g5 15. Bg3 Nd5 16. Rac1 Nxc3+ 17. bxc3 Kf7 18. Nd2 b6 19. Ne4 Be5 20. f4 gxf4 21.
exf4 Bc7 22. Bh4 Rd5 23. g3 Bd8 24. Nd6+ Kg6 25. Bxd8 Rxd8 26. Nc4 Kf5 27. Ne3+ Ke4 28. Nxd5 exd5 29. Kd2 d4 30. Re1+ Kf3 31. Re6 dxc3+ 32. Kxc3 Nd4 33. Rxh6 Ne2+ 34. Kc2 Nxc1 35. Kxc1 Ke3 36. f5 Rd5 37. f6 Rf5 38. g4 Rf2 39. g5 c4 40. Rh3+ Kd4 41. Rg3 c3 42. g6 Rxf6 43.
g7 Rf1+ 44. Kc2 Rf2+ 45. Kb3 Rb2+ 46. Ka3 Rb5 47. g8=Q c2 48. Qg4+ 1-0

[Event "Late-Titled-Tuesday-Blitz-November-28-2023"]
[Site "Chess.com"]
[Date "2023.11.28"]
[Round "11"]
[White "StellarChessPro"]
[Black "Hilary46"]
[Result "1/2-1/2"]
[WhiteElo "2539"]
[BlackElo "2634"]
[TimeControl "180+1"]
[EndTime "16:02:27 PST"]
[Termination "Game drawn by agreement"]

1. d4 d5 2. Bf4 Nf6 3. e3 c5 4. Nc3 a6 5. dxc5 e6 6. b4 b6 7.
Na4 bxc5 8. Nxc5 Bxc5 9. bxc5 Qa5+ 10. Qd2 Qxc5 11. Bd3 O-O 12. Nf3 Nc6 13. O-O a5 14. Ne5 Ba6 15. Rfb1 Nb4 16. a3 Nxd3 17. cxd3 Rfc8 18.
h3 h6 19. Rc1 Qb5 20. Rxc8+ Rxc8 21. Rc1 Rxc1+ 22. Qxc1 Nd7 23. Nxd7 Qxd7 24. Qc5 Bxd3 25. Qxa5 f6 26. Bc7 Kh7 27. Bb6 e5 28. Qc3 Qb5 29. Ba5 Qb1+ 30. Qe1 Qa2 31. Bb4 Be4 32. f3 Bd3 33. Kh2 Bc4 34. Qd2 Qb3 35. h4 Kg6 36. g4 h5 37. gxh5+ Kxh5 38. Qg2 Kh6 39. Bd2 Kh7 40. h5 Bd3 41. e4 dxe4 42. Qg6+ Kh8 43. h6 Qg8 44. a4 gxh6 45. Qxf6+ Qg7 46. Qxh6+ Qxh6+ 47. Bxh6 exf3 48. Be3 e4 49. Kg3 Kg7 50. a5 1/2-1/2

[Event "Late-Titled-Tuesday-Blitz-November-28-2023"]
[Site "Chess.com"]
[Date "2023.11.28"]
[Round "11"]
[White "sansanathalia"]
[Black "Nick12772"]
[Result "0-1"]
[WhiteElo "2228"]
[BlackElo "2379"]
[TimeControl "180+1"]
[EndTime "16:02:27 PST"]
[Termination "Nick12772 won on time"]

1. e4 e6 2. d4 d5 3. Nd2 Nf6 4.
e5 Nfd7 5. Bd3 c5 6. c3 Nc6 7. Ne2 cxd4 8. cxd4 f6 9. exf6 Nxf6 10.
Nf3 Bd6 11. O-O Qc7 12. Bg5 O-O 13. Rc1 Bd7 14. h3 Be8 15. a3 Bh5 16. Qc2 Bxf3 17. gxf3 Rac8 18. Kg2 h6 19. Be3 Nh5 20. Bb5 Qf7 21. Ng1 Nf4+ 22. Kh1 Nxh3 23. Qe2 Nxg1 24. Rxg1 Qxf3+ 25. Qxf3 Rxf3 26. Rg6 Kf7 27. Rg4 Ne7 28. Rxc8 Nxc8 29. Kg2 Rf6 30. Bd3 a6 31. Kf1 b5 32.
Ke2 Nb6 33. Rg1 Nc4 34. Rc1 Nxb2 35. Rc6 Bxa3 36. Rxa6 Nxd3 37. Rxa3 Nf4+ 38. Kd2 Ng2 39. Ra7+ Kg6 40. Rb7 Nxe3 41. Kxe3 h5 42. Rxb5 Kf5 43.
Rb1 Rh6 44. Rg1 h4 45. f4 h3 46. Rh1 h2 47. Kf3 Rh3+ 48. Kg2 Kg4 0-1

[Event "Late-Titled-Tuesday-Blitz-November-28-2023"]
[Site "Chess.com"]
[Date "2023.11.28"]
[Round "11"]
[White "szefru"]
[Black "e4evr"]
[Result "0-1"]
[WhiteElo "2306"]
[BlackElo "2145"]
[TimeControl "180+1"]
[EndTime "16:02:35 PST"]
[Termination "e4evr won by checkmate"]

1. e4 c5 2. Nf3 Nc6 3. Bb5 Nd4 4.
Nxd4 cxd4 5. O-O a6 6. Bd3 g6 7. c3 Bg7 8. cxd4 Bxd4 9. Nc3 d6 10. Ne2 Bg7 11. Bc4 Nf6 12. d3 O-O 13. f4 b5 14.
Bb3 Bb7 15. f5 Rc8 16. Bg5 Qb6+ 17. Kh1 d5 18. e5 Ng4 19. d4 f6 20. exf6 Bxf6 21.
Bxf6 Rxf6 22. Qd3 Qd6 23. Qh3 gxf5 24. Rxf5 Nf2+ 25. Rxf2 Rxf2 26. Ng3 Rcf8 27. Re1 Bc8 28. Qh5 Qf6 29. Bxd5+ Kh8 30. h3 Bf5 31. Bf3 Bg6 32. Qd5 Qf4 33. Ne2 Qd2 34. Qe5+ Rf6 35. Ng3 Rxf3 36. gxf3 Qf2 37. Rf1 Qxb2 38. Qb8+ Kg7 39. Qe5 Qxa2 40. Rg1 Kf7 41. d5 Qf2 42. Rf1 Qd2 43.
Ne4 Bxe4 44. Qxe4 Qh6 45. Kh2 Qf4+ 46. Kg2 Qxe4 47. fxe4 Rxf1 48. Kxf1 Kf6 49. Ke2 Ke5 50. Kd3 a5 51. Ke3 a4 52. Kd3 a3 53. Ke3 a2 54.
Kd3 a1=Q 55. h4 Qd4+ 56. Ke2 Qxe4+ 57. Kf2 Qxd5 58. h5 Kf4 59. h6 Qd2+ 60. Kg1 Kf3 61. Kh1 Qg2# 0-1

[Event "Late-Titled-Tuesday-Blitz-November-28-2023"]
[Site "Chess.com"]
[Date "2023.11.28"]
[Round "11"]
[White "Felix-Rose"]
[Black "LUISMIGUELOV"]
[Result "0-1"]
[WhiteElo "2309"]
[BlackElo "2220"]
[TimeControl "180+1"]
[EndTime "16:02:35 PST"]
[Termination "LUISMIGUELOV won on time"]

1. e4 c6 2. d4 d5 3. e5 c5 4. dxc5 Nc6 5. Nf3 Bg4 6. Bb5 e6 7. Be3 Qa5+ 8. Nc3 Ne7 9. a3 Bxf3 10. Qxf3 a6 11. b4 Qc7 12. Bxc6+ Nxc6 13. Bf4 Be7 14. Qg3 g5 15. Bxg5 Bxg5 16. Qxg5 Qxe5+ 17. Qxe5 Nxe5 18. O-O Rg8 19. f4 Nc4 20. Rfe1 O-O-O 21. a4 Rg4 22. g3 h5 23. Kf2 h4 24. b5 a5 25.
Rad1 hxg3+ 26. hxg3 Rdg8 27. Rd3 R4g6 28. f5 Rh6 29.
Kg2 Rgh8 30. fxe6 fxe6 31. g4 Rh2+ 32. Kg3 R8h3+ 33. Kf4 e5+ 34. Kf5 Rf2+ 35. Kg6 Rh8 36. Nxd5 Rg8+ 37. Kh7 Rxg4 38. Rh3 Rf7+ 39. Kh6 Rf8 40.
Kh5 Rg2 41. Ne7+ Kd7 42. Ng6 Rg8 43. Rd1+ Ke6 0-1

[Event "Late-Titled-Tuesday-Blitz-November-28-2023"]
[Site "Chess.com"]
[Date "2023.11.28"]
[Round "11"]
[White "Rodalquilar"]
[Black "Elsa167"]
[Result "0-1"]
[WhiteElo "2752"]
[BlackElo "2909"]
[TimeControl "180+1"]
[EndTime "16:02:37 PST"]
[Termination "Elsa167 won on time"]

1. d4 Nf6 2. Nf3 g6 3. Bf4 Bg7 4. e3 O-O 5. Be2 b6 6. O-O Bb7 7. a4 a5 8. h3 d6 9. Bh2 Nbd7 10. Nbd2 e6 11. c3 Qe7 12. Bd3 e5 13. e4 Rad8 14.
Re1 Nh5 15. Nc4 Rfe8 16. Ne3 exd4 17. cxd4 Bxe4 18. Nd5 Bxd5 19. Rxe7 Rxe7 20. Rc1 Nf8 21. Bc4 Bxf3 22. Qxf3 Bxd4 23. g4 Nf6 24. Rd1 Bxb2 25.
Rd2 Ba1 26. Rd1 Bb2 27. Rd2 Ba1 28. Qa3 Be5 29. f4 Ne4 30. Re2 Bd4+ 31. Kg2 Bc5 32.
Qd3 d5 33. Bxd5 Nf6 34. Bxf7+ Kxf7 35. Qc4+ Ke8 36. f5 gxf5 37. Bxc7 Rd4 38. Qb5+ Kf7 39.
Rxe7+ Bxe7 40. gxf5 Rd5 41. Qc4 Kg7 42. Bxb6 Rxf5 43. Bd4 Ng6 44. Qc7 Kf7 45. Bc3 Nf4+ 46. Kh2 N4d5 47. Qc4 Rf2+ 48. Kg1 Rc2 0-1

[Event "Late-Titled-Tuesday-Blitz-November-28-2023"]
[Site "Chess.com"]
[Date "2023.11.28"]
[Round "11"]
[White "GoltsevDmitry2000"]
[Black "RodokininEV"]
[Result "0-1"]
[WhiteElo "2669"]
[BlackElo "2595"]
[TimeControl "180+1"]
[EndTime "16:02:38 PST"]
[Termination "RodokininEV won by checkmate"]

1. e4 c5 2. Nf3 d6 3. d4 cxd4 4. Nxd4 Nf6 5. Nc3 a6 6. f3 e6 7.
Nb3 Be7 8. Be3 O-O 9. a4 b6 10. Be2 Nbd7 11. O-O Qc7 12. Qe1 Bb7 13. Qf2 Nc5 14.
Nxc5 bxc5 15. Rfd1 Nd7 16. Rd2 Rfb8 17. Rad1 Bc6 18.
b3 Qa5 19. Rd3 Ne5 20. Bd2 Nxd3 21. Bxd3 Qc7 22. Qg3 Bf6 23. Ne2 c4 24. Bxc4 Bxa4 25. Bf4 Be5 26. Rxd6 Bxd6 27. Bxd6 Qb6+ 28. Kf1 Rd8 29. e5 Bb5 30. h4 a5 31. Nf4 Bxc4+ 32. bxc4 Rxd6 33. exd6 Qxd6 34. Qg5 Qd1+ 35. Kf2 Qxc2+ 36.
Kg1 a4 37. Nh5 Qg6 38. Qb5 a3 39. Qb7 Rd8 40. Nf4 a2 41. Nxg6 a1=Q+ 42. Kh2 hxg6 43. c5 Qe5+ 44. Kh3 Qxc5 45. Qa6 Qf5+ 46. Kh2 e5 47. Qb6 Qf4+ 48. Kh3 Rd1 49. Qd8+ Rxd8 50. h5 Rd1 51. g3 Rh1+ 52. Kg2 Qxg3+ 53. Kxg3 Rxh5 54. Kg4 Rf5 55. Kg3 g5 56. Kg4 g6 57. Kg3 Kg7 58. Kg4 Kf6 59. Kg3 Rf4 60. Kg2 Kf5 61. Kg3 g4 62. Kh4 gxf3+ 63. Kg3 f2 64. Kh2 Kg4 65. Kg2 f1=Q+ 66. Kh2 Rf2# 0-1

[Event "Late-Titled-Tuesday-Blitz-November-28-2023"]
[Site "Chess.com"]
[Date "2023.11.28"]
[Round "11"]
[White "Matthew_Clarke"]
[Black "noblerone"]
[Result "0-1"]
[WhiteElo "2278"]
[BlackElo "2493"]
[TimeControl "180+1"]
[EndTime "16:02:41 PST"]
[Termination "noblerone won on time"]

1. e4 c5 2. Nf3 e6 3. c3 Nf6 4. e5 Nd5 5. d4 cxd4 6. cxd4 d6 7. Bc4 Be7 8. O-O O-O 9. Qe2 b6 10. Nc3 Bb7 11. Bd2 a6 12. a3 b5 13. Bd3 Nxc3 14.
Bxc3 Nd7 15. Rad1 Nb6 16. Bd2 Nc4 17. Bxc4 bxc4 18. Qxc4 Bxf3 19. gxf3 d5 20. Qa4 Qb6 21. Bc3 Rfc8 22. f4 g6 23. Rd3 Rc4 24. Qd1 Rac8 25. Qg4 Bxa3 26. Rh3 Bf8 27. Kh1 Bg7 28. Rg1 Qd8 29.
Ra1 R4c6 30. Qe2 Qb6 31. Rg3 Qb5 32. Qf3 Qb3 33. h4 h5 34. Rag1 Kf8 35. Qd3 Qb5 36. Qd2 Ke8 37. Ra1 Bf8 38. Rgg1 Ra8 39. Ra5 Qb7 40. Rga1 Be7 41. Kh2 Bxh4 42. Kh3 Be7 43.
f5 exf5 44. Qh6 Bf8 45. Qh7 Qd7 46. f4 Qe6 47. Bd2 Kd7 0-1

[Event "Late-Titled-Tuesday-Blitz-November-28-2023"]
[Site "Chess.com"]
[Date "2023.11.28"]
[Round "11"]
[White "lluiss"]
[Black "MaxLeto"]
[Result "1-0"]
[WhiteElo "2213"]
[BlackElo "2500"]
[TimeControl "180+1"]
[EndTime "16:02:41 PST"]
[Termination "lluiss won by resignation"]

1. Nf3 d5 2. d4 c6 3. c4 Nf6 4. cxd5 cxd5 5. Nc3 Nc6 6. Bf4 a6 7. e3 Bf5 8. Bd3 Bxd3 9. Qxd3 e6 10. O-O Be7 11. h3 O-O 12. Rac1 Rc8 13. a3 b5 14. b4 Nd7 15. Nd2 Nb6 16. Nb3 Nc4 17.
Ra1 Qb6 18. Nc5 Rfd8 19. Rfb1 h6 20. Bg3 e5 21. dxe5 Bxc5 22. bxc5 Qxc5 23. Ra2 N6xe5 24. Qd4 Qxd4 25. exd4 Nc6 26. Rd1 Rd7 27. Ne2 Re8 28. Nf4 Re4 29. f3 Re3 30. Nd3 Nxd4 31. Nc5 Ne2+ 32.
Rxe2 Rxe2 33. Nxd7 Ne3 34. Re1 Rxg2+ 35. Kh1 Rxg3 36.
Rxe3 Rxh3+ 37. Kg2 Rh4 38. Re8+ Kh7 39. Nf8+ Kg8 40.
Ng6+ Kh7 41. Nxh4 g5 42. Nf5 Kg6 43. Ne3 d4 44. Nd1 a5 45. Ra8 b4 46. axb4 axb4 47. Rb8 h5 48. Rxb4 h4 49. Rxd4 f5 50. Nf2 Kh5 51. Rd5 Kg6 52. Kh3 Kf6 53. Nd3 Ke6 54.
Re5+ Kf6 55. Ra5 Ke6 56. Ra6+ Kd5 57. Nf2 Ke5 58. Ra5+ Kf4 59. Kg2 Ke3 60. Rxf5 h3+ 61. Nxh3 g4 62. fxg4 1-0

[Event "Late-Titled-Tuesday-Blitz-November-28-2023"]
[Site "Chess.com"]
[Date "2023.11.28"]
[Round "11"]
[White "GiorgianBarbosa"]
[Black "nindjaxx8"]
[Result "0-1"]
[WhiteElo "2518"]
[BlackElo "2469"]
[TimeControl "180+1"]
[EndTime "16:02:45 PST"]
[Termination "nindjaxx8 won by resignation"]

1. e4 e6 2. d3 d5 3. Nd2 c5 4. g3 Nc6 5. Bg2 Nf6 6. Ngf3 Be7 7. O-O O-O 8. Re1 b6 9. h4 dxe4 10. dxe4 Bb7 11. c3 Qc8 12. e5 Nd7 13. Qc2 h6 14. Nf1 Rd8 15. N1h2 Nf8 16. h5 Ba6 17. Ng4 Bd3 18.
Qa4 b5 19. Qf4 Nh7 20. Nfh2 Qc7 21. Qf3 Rac8 22. Bxh6 Bc4 23. Bf4 Bd5 24. Qe3 Bxg2 25. Kxg2 Na5 26. h6 g6 27. Qf3 Nc4 28. b3 Nb6 29. Rad1 c4 30. b4 Na4 31. Bc1 a6 32.
Nf1 Nb6 33. Nd2 Nd5 34. Ne4 Rd7 35. Rd4 Rcd8 36. Red1 a5 37. a3 axb4 38. axb4 Qa7 39. Be3 Qa3 40. R1d2 Qb3 41. Nef6+ Bxf6 42. Nxf6+ Nhxf6 43. exf6 Kh7 44. Bg5 Qa3 45. Re2 Qa1 46. Re5 Qxc3 47.
Rexd5 Qxf3+ 48. Kxf3 Rxd5 49. Re4 Rxg5 50. Re2 Rf5+ 51.
Kg2 Rxf6 52. f4 Rf5 53. Ra2 Rfd5 54. Ra7 R5d7 55. Kh3 Rxa7 0-1

[Event "Late-Titled-Tuesday-Blitz-November-28-2023"]
[Site "Chess.com"]
[Date "2023.11.28"]
[Round "11"]
[White "The_Straightforward_Rook"]
[Black "SouS007"]
[Result "1-0"]
[WhiteElo "2471"]
[BlackElo "2555"]
[TimeControl "180+1"]
[EndTime "16:02:48 PST"]
[Termination "The_Straightforward_Rook won by checkmate"]

1. e4 e6 2. d4 d5 3. e5 c5 4. c3 Nc6 5. Nf3 Nge7 6. Bd3 cxd4 7. cxd4 Nb4 8. O-O Nxd3 9. Qxd3 Bd7 10. Nc3 Nf5 11. g4 Nh4 12. Nxh4 Qxh4 13. Qg3 Qxg3+ 14. hxg3 b5 15. Be3 b4 16. Ne2 Bb5 17. Rfe1 Be7 18.
Nc1 Bc4 19. Nb3 Bxb3 20. axb3 a5 21. Rec1 Kd7 22. Rc2 Rhc8 23. Rxc8 Kxc8 24. Kf1 Kc7 25. Ke2 Kc6 26. Kd3 Kb5 27. Rc1 Bd8 28. g5 a4 29.
bxa4+ Rxa4 30. Rh1 Ra2 31. Kc2 Kc4 32. Rxh7 b3+ 33.
Kb1 Bb6 34. Rxg7 Bxd4 35. Bxd4 Kxd4 36. Rxf7 Ra8 37. Rb7 Kxe5 38. Rxb3 Kf5 39. f4 e5 40. fxe5 Kxe5 41. Rb6 d4 42. Kc2 Rf8 43. g6 Rf2+ 44. Kd1 Rf3 45. g4 Rg3 46. g5 Ke4 47. Rb5 Rg1+ 48. Kd2 Rg2+ 49. Kc1 Kd3 50. Kb1 Kc4 51. g7 Rg1+ 52. Ka2 Kxb5 53. g8=Q Kc5 54. Qc8+ Kd5 55. Qf5+ Kc4 56. Qe6+ Kd3 57. g6 Rg3 58. Qf5+ Kc4 59. Qf7+ Kd3 60. g7 Kc2 61. g8=Q Rxg8 62. Qxg8 d3 63. Qc8+ Kd1 64. b4 d2 65. Qd7 Ke1 66.
b5 d1=Q 67. Qxd1+ Kf2 68. b6 Ke3 69. b7 Ke4 70. b8=Q Kf5 71. Qb2 Kg6 72. Qbe2 Kf5 73. Qdf1+ Kg5 74. Qeg2+ Kh4 75. Qfh1# 1-0